AoeStats
← frenzy

Black Forest

509066725Analyzed
2v2 RM · 8d ago on Sep 25, 2026· 65m 55s· 4 players
Game mode
Random Map
Map size
Medium (4 player)
Population
200
Speed
Normal
Resources
Standard
Victory
Conquest
Starting age
Dark Age
Ending age
Imperial Age
RankedLock teamsTeams togetherTeam positionsShared explorationLock speedFull tech treeHidden civsTurbo modeCheats
Victory
Defeat
🇮🇹 Saxons · Italy
782
+13
🇭🇺 Persians · Hungary
731
+15
🇹🇷 Aztecs · Türkiye
800
-17
🇹🇷 Vikings · Türkiye
645
-11
Scrap
0:27 Loom
15:58 Feudal Age
17:20 Wheelbarrow
21:16 Castle Age
22:51 Double-Bit Axe
22:56 Horse Collar
24:59 Bow Saw
26:01 Stone Mining
26:01 Gold Mining
26:49 Heavy Plow
30:10 Coinage
29:41 Caravan
32:34 Gold Mining
33:19 Stone Shaft Mining
33:35 Kamandaran
36:07 Imperial Age
33:54 Hand Cart
33:26 Town Watch
33:57 Forging
33:38 Fletching
33:49 Padded Archer Armor
33:54 Scale Barding Armor
35:32 Iron Casting
34:58 Scale Mail Armor
35:46 Ballistics
35:30 Bodkin Arrow
36:41 Leather Archer Armor
36:38 Guilds
37:00 Banking
37:35 Chemistry
37:01 Conscription
36:19 Elite War Elephant
37:16 Heavy Scorpion
38:02 Town Patrol
39:08 Blast Furnace
39:29 Chain Barding Armor
40:19 Citadels
40:47 Ring Archer Armor
41:29 Two-Man Saw
41:17 Crop Rotation
41:39 Gold Shaft Mining
43:49 Plate Barding Armor
Peppe_04
0:27 Loom
12:37 Feudal Age
15:42 Double-Bit Axe
22:07 Castle Age
20:58 Horse Collar
30:09 Heavy Plow
30:34 Town Watch
31:25 Wheelbarrow
31:13 Caravan
35:22 Imperial Age
33:58 Bow Saw
37:27 Conscription
36:30 Shield Wall
37:54 Crop Rotation
37:45 Hand Cart
37:32 Town Patrol
37:33 Light Cavalry
38:25 Bloodlines
38:19 Husbandry
37:40 Cavalier
41:51 Two-Man Saw
41:10 Forging
41:02 Scale Mail Armor
41:02 Padded Archer Armor
40:53 Fletching
41:09 Scale Barding Armor
40:38 Pikeman
41:19 Squires
41:04 Arson
40:40 Elite Varangian Guard
40:41 Man-at-Arms
41:07 Gambesons
40:46 Elite Skirmisher
41:32 Thumb Ring
41:35 Heavy Scorpion
43:24 Ballistics
44:08 Siege Engineers
45:10 Chemistry
44:22 Fortified Wall
44:08 Murder Holes
43:54 Treadmill Crane
44:25 Masonry
44:02 Arrowslits
47:53 Iron Casting
47:34 Chain Mail Armor
47:16 Bodkin Arrow
51:38 Plate Mail Armor
51:29 Chain Barding Armor
51:24 Leather Archer Armor
51:10 Bracer
64:45 Hussar
SmokedMyself
0:25 Loom
13:05 Feudal Age
16:39 Double-Bit Axe
21:47 Castle Age
19:56 Horse Collar
21:36 Stone Mining
21:36 Gold Mining
21:43 Gold Mining
23:20 Bow Saw
23:17 Caravan
32:56 Imperial Age
30:50 Forging
30:40 Scale Mail Armor
30:45 Crossbowman
30:59 Pikeman
32:50 Heavy Plow
33:27 Gold Shaft Mining
33:35 Iron Casting
33:16 Chain Mail Armor
34:54 Ballistics
36:29 Chemistry
35:44 Elite Berserk
37:14 Crop Rotation
38:05 Two-Man Saw
37:49 Capped Ram
39:32 Blast Furnace
42:18 Plate Mail Armor
41:12 Siege Ram
43:52 Onager
frenzy
0:43 Loom
11:10 Feudal Age
11:40 Double-Bit Axe
11:37 Horse Collar
12:05 Stone Mining
15:58 Wheelbarrow
19:41 Castle Age
20:37 Bow Saw
20:29 Heavy Plow
20:19 Gold Mining
24:37 Gold Shaft Mining
26:04 Squires
27:45 Caravan
27:32 Pikeman
29:12 Coinage
29:53 Hand Cart
30:58 Atlatl
35:47 Imperial Age
33:43 Scale Mail Armor
33:53 Forging
34:40 Gambesons
37:02 Garland Wars
37:18 Banking
37:21 Arson
37:28 Capped Ram
39:25 Chain Mail Armor
39:46 Iron Casting
40:56 Elite Jaguar Warrior
42:05 Onager
47:29 Blast Furnace
46:59 Plate Mail Armor
Connection lost

Rejoining the realm…

Still unreachable

The connection could not be restored.

Session expired

The server has moved on; the page needs a fresh start.